[Event "Team 45 45 League T71"]
[Site "Internet Chess Club"]
[Date "2016.12.15"]
[Round "2"]
[White "mongmong"]
[Black "ChessMaine"]
[Result "0-1"]
[WhiteElo "1468"]
[BlackElo "1510"]
[Opening "Queen's pawn game"]
[ECO "D04"]
[Time "20:01:52"]
[TimeControl "2700+45"]

1. d4 d5 2. Nf3 Nf6 3. e3 Bg4 4. c4 e6 5. Nc3 c6 6. Bd3 Bb4 7. O-O Bxc3 8. bxc3
Ne4 9. cxd5 Nxc3 10. Qc2 Bxf3 11. Qxc3 Qg5 12. g3 Qxd5 13. Re1 O-O 14. e4 Qh5
15. Bf1 Nd7 16. Bg2 Bxg2 17. Kxg2 Nf6 18. Qf3 Qa5 19. Bg5 Qxg5 {White resigns}
0-1

[Event "Team 45 45 League T71"]
[Site "Internet Chess Club"]
[Date "2016.12.14"]
[Round "2"]
[White "seattleblues"]
[Black "smsxman"]
[Result "0-1"]
[WhiteElo "1363"]
[BlackElo "1337"]
[Opening "Queen's pawn game, Chigorin variation"]
[ECO "D02"]
[Time "08:01:23"]
[TimeControl "2700+45"]

1. d4 d5 2. Nf3 Nc6 3. Bf4 Nf6 4. h3 e6 5. e3 Be7 6. c4 Bd7 7. Nc3 O-O 8. Bd3
Nb4 9. Be2 Ne4 10. O-O c5 11. cxd5 Nxc3 12. bxc3 Nxd5 13. Qc2 cxd4 14. cxd4 Rc8
15. Qb1 Nc3 16. Qd3 Nxe2+ 17. Qxe2 a6 18. Qb2 Bb5 19. Rfc1 Qa5 20. a4 Bc6 21.
Ne5 Bf6 22. Nxc6 bxc6 23. Rc5 Qxc5 {White resigns} 0-1

[Event "Team 45 45 League T71"]
[Site "Internet Chess Club"]
[Date "2016.12.19"]
[Round "2"]
[White "dabodhi"]
[Black "Conjurer"]
[Result "0-1"]
[WhiteElo "1326"]
[BlackElo "1201"]
[Opening "Alekhine's defense"]
[ECO "B02"]
[Time "13:00:56"]
[TimeControl "2700+45"]

1. e4 Nf6 2. e5 Nd5 3. c4 Nb6 4. d4 e6 5. Nf3 c5 6. Bd3 Nc6 7. Be3 cxd4 8. Bxd4
Nxd4 9. Nxd4 d5 10. exd6 Bxd6 11. Nf3 Qc7 12. b3 O-O 13. Nbd2 Nd7 14. O-O Ne5
15. Be4 Ng4 16. h3 Nh2 17. Nxh2 Bxh2+ 18. Kh1 Be5 19. Rc1 Qa5 20. Qc2 g6 21. Nf3
Bf4 22. Rcd1 Rb8 23. Nh2 e5 24. Bf3 Bf5 25. Be4 Be6 26. Bf3 Qc7 27. Bg4 f5 28.
Be2 b5 29. Nf3 e4 30. Nd4 Bd7 31. Qc3 b4 32. Qb2 Qc5 33. Nc2 Rbd8 34. Rd5 Qe7
35. Qd4 Bc6 36. Rxd8 Rxd8 37. Qb2 Rd2 38. Bd1 Be5 39. Qc1 Qg5 40. Nxb4 Rxf2
{White forfeits on time} 0-1

[Event "Team 45 45 League T71"]
[Site "Internet Chess Club"]
[Date "2016.12.14"]
[Round "2"]
[White "RD1974"]
[Black "Innes"]
[Result "0-1"]
[WhiteElo "1619"]
[BlackElo "1569"]
[Opening "Giuoco Pianissimo"]
[ECO "C24"]
[Time "17:18:33"]
[TimeControl "2700+45"]

1. e4 e5 2. Bc4 Nf6 3. d3 Nc6 4. Nf3 Bc5 5. Bg5 h6 6. Bh4 d6 7. Nc3 Be6 8. Nd5
a6 9. a4 Nb4 10. Nxf6+ gxf6 11. Bxe6 fxe6 12. c3 Nc6 13. b4 Ba7 14. b5 Nb8 15.
d4 Nd7 16. Nxe5 dxe5 17. Qh5+ Kf8 18. O-O-O Qe7 19. f4 exd4 20. e5 Qa3+ 21. Kb1
dxc3 22. Kc2 Qb2+ 23. Kd3 Nc5+ 24. Ke3 Nb3+ 25. Kf3 Nd2+ 26. Rxd2 Qxd2 27. Qg6
Qe3+ 28. Kg4 h5+ 29. Qxh5 Qe2+ 30. Kh3 Qxh5 31. g3 f5 {White resigns} 0-1

[Event "Team 45 45 League T71"]
[Site "Internet Chess Club"]
[Date "2016.12.18"]
[Round "2"]
[White "drsigmund1"]
[Black "chesskix"]
[Result "0-1"]
[WhiteElo "1430"]
[BlackElo "1544"]
[Opening "Queen's pawn: London system"]
[ECO "A45"]
[Time "14:01:36"]
[TimeControl "2700+45"]

1. d4 Nf6 2. Bf4 g6 3. e3 d5 4. Nf3 Bg7 5. Be2 O-O 6. Nbd2 c6 7. c3 Nbd7 8. O-O
Nh5 9. Bg5 Nhf6 10. h3 Ne8 11. Bf4 Nd6 12. Bd3 Nf6 13. Re1 Nfe4 14. Bxe4 Nxe4
15. c4 f5 16. cxd5 cxd5 17. Rc1 Nd6 18. Rc5 Be6 19. Ng5 Qd7 20. Nxe6 Qxe6 21.
Qb3 Bxd4 22. Rxd5 Bxb2 23. Rd1 Bg7 24. Bxd6 exd6 25. Rxd6 Qxb3 26. Nxb3 b6 27.
Rd7 Rf7 28. Rxf7 Kxf7 29. Rd7+ Kg8 30. Nd4 Bxd4 31. exd4 h5 32. d5 Kf8 33. d6 a5
34. f4 b5 35. Kf2 b4 36. Ke3 a4 37. Rb7 b3 38. axb3 a3 39. d7 Ke7 40. Rb4 {White
resigns} 0-1

[Event "Team 45 45 League T71"]
[Site "Internet Chess Club"]
[Date "2016.12.19"]
[Round "2"]
[White "OGO"]
[Black "Andaluz"]
[Result "1-0"]
[WhiteElo "1477"]
[BlackElo "1354"]
[Opening "Grünfeld: 5.Bf4"]
[ECO "D92"]
[Time "13:00:25"]
[TimeControl "2700+45"]

1. d4 Nf6 2. c4 g6 3. Nc3 d5 4. Nf3 Bg7 5. Bf4 Bg4 6. Ne5 Be6 7. e3 Nh5 8. Qa4+
Nd7 9. cxd5 Bxd5 10. Nxd7 Qxd7 11. Qxd7+ Kxd7 12. Nxd5 Nxf4 13. Nxf4 c6 14. Bc4
e6 15. O-O-O Ke7 16. Rhe1 b5 17. Bb3 a5 18. Bc2 Kf6 19. e4 Bh6 20. e5+ Kg7 21.
Re4 a4 22. Kb1 Bxf4 23. Rxf4 Rhd8 24. Be4 Rd6 {Black resigns} 1-0

[Event "Team 45 45 League T71"]
[Site "Internet Chess Club"]
[Date "2016.12.16"]
[Round "2"]
[White "olivermx"]
[Black "kingsrook"]
[Result "1-0"]
[WhiteElo "1289"]
[BlackElo "1276"]
[Opening "Sicilian defense"]
[ECO "B40"]
[Time "13:07:22"]
[TimeControl "2700+45"]

1. e4 c5 2. Nf3 e6 3. Nc3 a5 4. Bc4 Nc6 5. d3 Be7 6. Be3 Nf6 7. O-O O-O 8. Qd2
b6 9. Bb5 Qc7 10. h3 Bb7 11. Bxc6 Bxc6 12. Bf4 Qb7 13. Ne5 Rad8 14. Rfe1 d6 15.
Nxc6 Qxc6 16. e5 dxe5 17. Bxe5 c4 18. Qe2 b5 19. dxc4 bxc4 20. b3 Rc8 21. a4
cxb3 22. cxb3 Bb4 23. Rec1 Bxc3 24. Rxc3 Qd5 25. Rd1 Qb7 26. Rcd3 Nd5 27. Qg4 f5
28. Qg3 Rf7 29. Rd4 Rc3 30. R4d3 Rxd3 31. Rxd3 Qa6 32. Qf3 Qb7 33. Bc3 Qa6 34.
Rd4 {Black forfeits on time} 1-0

[Event "Team 45 45 League T71"]
[Site "Internet Chess Club"]
[Date "2016.12.18"]
[Round "2"]
[White "Elalfer"]
[Black "fishhead"]
[Result "0-1"]
[WhiteElo "1586"]
[BlackElo "1771"]
[Opening "Queen's Indian defense"]
[ECO "E12"]
[Time "12:01:06"]
[TimeControl "2700+45"]

1. d4 Nf6 2. c4 e6 3. Nf3 b6 4. Bg5 h6 5. Bxf6 Qxf6 6. e4 Bb4+ 7. Nbd2 c5 8. a3
Ba5 9. Be2 Nc6 10. d5 Nd4 11. Nxd4 Qxd4 12. Qc2 Qe5 13. O-O O-O 14. Nb3 Rb8 15.
f4 Qc7 16. Nxa5 bxa5 17. dxe6 dxe6 18. e5 a4 19. Rf3 f6 20. exf6 Rxf6 21. g3 e5
22. fxe5 Qxe5 23. Rxf6 Qxf6 24. Qxa4 Qd4+ 25. Kg2 Qe4+ 26. Kf2 Rxb2 27. Re1 Bg4
28. Qd1 Qxc4 29. Kf1 Bxe2+ 30. Rxe2 Qxe2+ 31. Qxe2 Rxe2 32. Kxe2 Kf7 33. Kd3 Ke6
34. Ke4 g6 35. h3 a5 36. a4 Kd6 37. g4 g5 38. Kd3 Kd5 39. Kc3 c4 40. Kc2 Kd4 41.
Kd2 c3+ 42. Kc2 Kc4 43. Kc1 Kb3 44. Kb1 Kxa4 45. Kc2 Kb4 46. Kb1 Kb3 47. Ka1 c2
{White resigns} 0-1

[Event "Team 45 45 League T71"]
[Site "Internet Chess Club"]
[Date "2016.12.17"]
[Round "2"]
[White "kidcobra"]
[Black "cayo89"]
[Result "1-0"]
[WhiteElo "1802"]
[BlackElo "1651"]
[Opening "Caro-Kann: classical, Maróczy attack"]
[ECO "B18"]
[Time "19:19:21"]
[TimeControl "2700+45"]

1. e4 c6 2. d4 d5 3. Nc3 dxe4 4. Nxe4 Bf5 5. Ng3 Bg6 6. f4 e6 7. Nf3 Nd7 8. Bd3
Bxd3 9. Qxd3 Ngf6 10. O-O Bd6 11. Ne5 O-O 12. b3 Qc7 13. Bb2 Rad8 14. Qe2 c5 15.
Nxd7 Rxd7 16. dxc5 Bxc5+ 17. Kh1 Be7 18. Ne4 Nxe4 19. Qxe4 Rd2 20. Rac1 Rc8 21.
Bd4 Qc6 22. Qxc6 Rxc6 23. Bxa7 Rcxc2 24. Rxc2 Rxc2 25. a4 f6 26. h3 Rb2 27. Rf3
Kf7 28. Rc3 Bd6 29. Be3 e5 30. f5 g6 31. g4 e4 32. Rc4 Rxb3 33. Rxe4 Be5 34. Kg2
Rb2+ 35. Bf2 Rb3 36. Re1 gxf5 37. gxf5 Rb4 38. Rd1 Ke7 39. Bc5+ {Black resigns}
1-0

[Event "Team 45 45 League T71"]
[Site "Internet Chess Club"]
[Date "2016.12.17"]
[Round "2"]
[White "scostanzo212"]
[Black "smsxman"]
[Result "1-0"]
[WhiteElo "1577"]
[BlackElo "1330"]
[Opening "QGD: exchange variation"]
[ECO "D35"]
[Time "09:01:34"]
[TimeControl "2700+45"]

1. d4 d5 2. c4 Nf6 3. Nc3 e6 4. cxd5 Nxd5 5. e4 Nxc3 6. bxc3 Be7 7. Nf3 O-O 8.
Bd3 a6 9. O-O b5 10. Qc2 f5 11. exf5 exf5 12. Ne5 Bd7 13. f4 Bd6 14. Bb2 c5 15.
d5 c4 16. Be2 a5 17. a4 Bxe5 18. fxe5 Qb6+ 19. Kh1 f4 20. Rad1 Bf5 21. Qd2 Qe3
22. Qxe3 fxe3 23. axb5 a4 24. Ba3 Rf7 25. Rf3 Bc2 26. Rdf1 Rxf3 27. Rxf3 Nd7 28.
Rxe3 Bb3 29. Bg4 Nf8 30. e6 Ng6 31. d6 Rf8 32. Rf3 Ne5 33. Rxf8+ Kxf8 34. d7+
{Black resigns} 1-0

[Event "Team 45 45 League T71"]
[Site "Internet Chess Club"]
[Date "2016.12.16"]
[Round "2"]
[White "Visin"]
[Black "Pawnchain"]
[Result "0-1"]
[WhiteElo "1212"]
[BlackElo "1370"]
[Opening "French: exchange variation"]
[ECO "C01"]
[Time "15:00:15"]
[TimeControl "2700+45"]

1. e4 e6 2. d4 d5 3. exd5 exd5 4. Nf3 Nc6 5. Bb5 Bd6 6. Nc3 Ne7 7. O-O Bg4 8.
Qd3 Bf5 9. Qe2 O-O 10. Be3 Bg4 11. a3 a6 12. Bxc6 bxc6 13. b4 f5 14. Bg5 Qd7 15.
Rfe1 Rae8 16. Qxa6 Bxf3 17. gxf3 f4 18. Qf1 Ng6 19. Qg2 Qf5 20. Rxe8 Rxe8 21.
Rc1 Re6 22. Qg4 Qf7 23. Bh4 Nxh4 24. Qxh4 Rh6 25. Qd8+ Bf8 26. Kf1 Rxh2 27. Ke2
Qe6+ 28. Kd3 Rxf2 29. Qg5 Qe3# {White checkmated} 0-1

[Event "Team 45 45 League T71"]
[Site "Internet Chess Club"]
[Date "2016.12.18"]
[Round "2"]
[White "cityprosecutor"]
[Black "kllrchris"]
[Result "1/2-1/2"]
[WhiteElo "1699"]
[BlackElo "1714"]
[Opening "Sicilian defense"]
[ECO "B20"]
[Time "20:03:43"]
[TimeControl "2700+45"]

1. e4 c5 2. d3 e6 3. g3 d5 4. Nd2 Nc6 5. Bg2 g6 6. Ngf3 Bg7 7. O-O Nge7 8. Qe2
b6 9. Rd1 a5 10. Nf1 h6 11. Ne3 O-O 12. h3 Ra7 13. exd5 Nxd5 14. Ng4 Kh7 15. Re1
a4 16. a3 f6 17. Qd2 g5 18. Ne3 Nde7 19. Qe2 f5 20. Nc4 Kh8 21. Nfe5 {Game drawn
by mutual agreement} 1/2-1/2

[Event "Team 45 45 League T71"]
[Site "Internet Chess Club"]
[Date "2016.12.18"]
[Round "2"]
[White "CrimsonZug"]
[Black "elessar"]
[Result "0-1"]
[WhiteElo "1702"]
[BlackElo "1719"]
[Opening "English: Caro-Kann defensive system"]
[ECO "A11"]
[Time "18:00:23"]
[TimeControl "2700+45"]

1. c4 c6 2. g3 d5 3. Bg2 Nf6 4. Nf3 Bf5 5. cxd5 Nxd5 6. d3 Bg6 7. Qb3 Qb6 8.
Qxb6 Nxb6 9. O-O N8d7 10. Nc3 h6 11. Bf4 e6 12. a3 Nd5 13. Nxd5 exd5 14. Nd2 Nc5
15. b4 Ne6 16. Be5 f6 17. Bb2 Nc7 18. e4 O-O-O 19. Nb3 dxe4 20. dxe4 Be7 21.
Rad1 Rhe8 22. Na5 Rxd1 23. Rxd1 Rd8 24. Rxd8+ Bxd8 25. Nc4 Be7 26. f4 Bf7 27.
Bf1 Ne8 28. Bd4 b6 29. e5 fxe5 30. Nxe5 Bd5 31. Bh3+ Kc7 32. Ng6 Bd6 33. Nh4 c5
34. bxc5 Bxc5 35. Bxc5 bxc5 36. Nf5 Be6 37. Bg4 Nf6 38. h3 Nxg4 39. hxg4 Bxf5
40. gxf5 Kd6 41. Kf2 h5 42. Ke3 Kd5 43. Kf3 Kd4 44. g4 hxg4+ 45. Kxg4 c4 46. Kg5
Ke4 {White resigns} 0-1

[Event "Team 45 45 League T71"]
[Site "Internet Chess Club"]
[Date "2016.12.15"]
[Round "2"]
[White "Constrictor"]
[Black "Mitochondria"]
[Result "1/2-1/2"]
[WhiteElo "1593"]
[BlackElo "1610"]
[Opening "King's Indian, 3.Nf3"]
[ECO "E61"]
[Time "20:07:16"]
[TimeControl "2700+45"]

1. Nf3 Nf6 2. d4 g6 3. c4 Bg7 4. Nc3 O-O 5. Bg5 d6 6. Qd2 c5 7. d5 e6 8. e4 Qa5
9. Bd3 exd5 10. cxd5 Nbd7 11. O-O a6 12. Bh6 b5 13. Bxg7 Kxg7 14. Rfe1 Ng4 15.
h3 Nge5 16. Nxe5 Nxe5 17. f4 Nxd3 18. Qxd3 Qb6 19. Qf3 Bd7 20. f5 c4+ 21. Kh1
Qd4 22. Rf1 f6 23. Rae1 Rae8 24. g4 b4 25. Nd1 Qe5 26. Qf2 Bb5 27. Rg1 g5 28.
Re3 Qd4 29. Rge1 Re5 30. Qc2 Rfe8 31. Kg2 a5 32. a3 b3 33. Qc3 Qa7 34. Nf2 Qb6
35. Nd1 Ba6 36. Nf2 Qc5 37. Nd1 Bb7 38. Kg3 h6 {Game drawn by mutual agreement}
1/2-1/2

[Event "Team 45 45 League T71"]
[Site "Internet Chess Club"]
[Date "2016.12.17"]
[Round "2"]
[White "Scorpius"]
[Black "Hal2001"]
[Result "1/2-1/2"]
[WhiteElo "1324"]
[BlackElo "1566"]
[Opening "Queen's pawn game"]
[ECO "A45"]
[Time "13:02:35"]
[TimeControl "2700+45"]

1. d4 Nf6 2. g3 c5 3. Bg2 cxd4 4. Nf3 Nc6 5. Nxd4 g6 6. Nc3 Bg7 7. O-O O-O 8.
Nxc6 bxc6 9. e4 Rb8 10. Rb1 Bb7 11. Bf4 d6 12. e5 Ne8 13. Qe2 Qa5 14. Rfe1 Rd8
15. b4 Qc7 16. b5 Qd7 17. Qe3 c5 18. Bxb7 Qxb7 19. e6 Nf6 20. Ne4 Nxe4 21. Qxe4
d5 22. exf7+ Rxf7 23. Qe6 Qb6 24. Qxb6 axb6 25. Bc7 Ra8 26. Bxb6 Bd4 27. Re2
Rxa2 28. Bc7 Ra7 29. b6 Rb7 30. Rb5 e5 31. Ra5 c4 32. Ra8+ Rf8 33. Rxf8+ Kxf8
34. Bxe5 Bxb6 35. Bd6+ Kf7 36. Re5 d4 37. Rb5 d3 38. cxd3 Bxf2+ 39. Kxf2 Rxb5
40. dxc4 Rb3 41. h4 h5 42. c5 Ke6 43. Ke2 Kd7 44. Bf4 Kc6 45. Be3 Rb4 46. Kd3
Rg4 47. Bf2 Kd5 48. Ke2 Kc6 49. Kd3 Kd5 50. Ke2 Kc6 51. Kd3 {Game drawn by
repetition} 1/2-1/2

[Event "Team 45 45 League T71"]
[Site "Internet Chess Club"]
[Date "2016.12.17"]
[Round "2"]
[White "Zugzwanged"]
[Black "calsal"]
[Result "1/2-1/2"]
[WhiteElo "1697"]
[BlackElo "1735"]
[Opening "Scandinavian defense"]
[ECO "B01"]
[Time "10:11:59"]
[TimeControl "2700+45"]

1. e4 d5 2. exd5 Nf6 3. d4 Bg4 4. Nf3 Qxd5 5. Be2 Nc6 6. h3 Bxf3 7. Bxf3 Qd7 8.
c3 e5 9. O-O O-O-O 10. Bg5 Kb8 11. Qb3 exd4 12. cxd4 Na5 13. Qc3 Nc6 14. Qb3 Na5
15. Qc3 Nc6 16. d5 Ne7 17. Bxf6 gxf6 18. Qxf6 Ng6 19. Nc3 Bd6 20. Rfe1 h5 21.
Be4 Be5 22. Qf3 Nf4 23. Qe3 Rdg8 24. Kh1 f6 25. Ne2 Nxe2 26. Rxe2 Qg7 27. Bf3
Re8 28. Qb3 Qf7 29. a4 Bd6 30. Rae1 Rxe2 31. Rxe2 Re8 32. Qd3 Re5 33. Rxe5 Bxe5
34. b3 Bd6 35. Qf5 h4 36. Qg4 Qh7 37. Be4 Qh8 38. Qf5 a6 39. Bd3 Qh6 40. g3 hxg3
41. fxg3 Bxg3 42. Bf1 Bh4 43. Qg4 Qg5 44. Qxg5 Bxg5 45. Kg2 Kc8 46. Kf3 Kd7 47.
Kg4 Kd6 48. Bc4 Ke5 49. h4 Bd2 50. h5 f5+ 51. Kf3 Kf6 52. Ke2 Bh6 53. Kf3 Kg5
54. d6 cxd6 55. Be6 a5 56. Bc8 f4 57. Bxb7 Bg7 58. Bd5 Kxh5 59. Kxf4 Bc3 60. Kf5
{Game drawn by mutual agreement} 1/2-1/2

[Event "Team 45 45 League T71"]
[Site "Internet Chess Club"]
[Date "2016.12.19"]
[Round "2"]
[White "Yedixon"]
[Black "parrot9"]
[Result "0-1"]
[WhiteElo "1714"]
[BlackElo "1697"]
[Opening "Bird's opening: Lasker variation"]
[ECO "A03"]
[Time "14:00:25"]
[TimeControl "2700+45"]

1. f4 d5 2. Nf3 Nf6 3. e3 c5 4. b3 e6 5. Bb2 Be7 6. Bb5+ Nbd7 7. O-O a6 8. Bxd7+
Qxd7 9. Ne5 Qc7 10. d3 O-O 11. Nd2 b5 12. g4 Nd7 13. Ndf3 Nb6 14. g5 c4 15. Qe1
Bb7 16. d4 Rac8 17. Rc1 c3 18. Ba1 b4 19. Qg3 Kh8 20. Nh4 Bd6 21. Ng4 Nd7 22.
Qh3 Kg8 23. Nh6+ gxh6 24. gxh6 Kh8 25. Kf2 Nf6 26. Rg1 Ne4+ 27. Ke2 Rg8 28. Rg7
Bxf4 29. exf4 Qxf4 30. Rf1 Qd2+ 31. Kf3 Ng5+ {White resigns} 0-1

[Event "Team 45 45 League T71"]
[Site "Internet Chess Club"]
[Date "2016.12.18"]
[Round "2"]
[White "bayoumicardio10"]
[Black "Chess4Him"]
[Result "0-1"]
[WhiteElo "1623"]
[BlackElo "1575"]
[Opening "Pirc: Austrian attack, 6.Be3"]
[ECO "B06"]
[Time "14:00:19"]
[TimeControl "2700+45"]

1. e4 g6 2. d4 Bg7 3. f4 Nf6 4. Nc3 d6 5. Nf3 O-O 6. Be3 b6 7. h3 Bb7 8. Bd3 c5
9. d5 a6 10. Qd2 b5 11. g4 b4 12. Na4 Qa5 13. b3 Nxe4 14. Bxe4 Bxa1 15. O-O Bg7
16. a3 Nd7 17. axb4 Qxb4 18. Qxb4 cxb4 19. Nd4 Nf6 20. Bg2 Bxd5 21. Nb6 Bxg2 22.
Kxg2 a5 23. Nxa8 Rxa8 24. Nc6 Nd5 25. Kf3 Rc8 26. Nxa5 Rxc2 27. Nc4 Rc3 28. Rb1
Nxe3 29. Nxe3 Bd4 30. Re1 Rxb3 31. Ke4 Bxe3 32. Rxe3 Rxe3+ 33. Kxe3 b3 34. Kd3
b2 35. Kc2 b1=R 36. Kxb1 Kg7 37. Kc2 Kf6 38. Kd3 g5 39. Ke4 gxf4 40. Kxf4 e5+
41. Ke4 Ke6 42. h4 d5+ 43. Ke3 Kf6 44. Kf3 Kg6 45. Ke3 f5 46. gxf5+ Kxf5 47. Kf3
e4+ 48. Ke3 Ke5 49. h5 d4+ 50. Ke2 Kf4 51. Kf2 d3 52. Ke1 Kf3 53. h6 Ke3 54. Kd1
d2 55. Kc2 Ke2 {White resigns} 0-1

[Event "Team 45 45 League T71"]
[Site "Internet Chess Club"]
[Date "2016.12.17"]
[Round "2"]
[White "BrerRabbit"]
[Black "kingphisch"]
[Result "1-0"]
[WhiteElo "1416"]
[BlackElo "1432"]
[Opening "Queen's pawn: London system"]
[ECO "A45"]
[Time "15:05:13"]
[TimeControl "2700+45"]

1. d4 Nf6 2. Bf4 d5 3. e3 Bf5 4. c4 c6 5. Qb3 Qd7 6. Nc3 e6 7. Nf3 Be7 8. Be2
O-O 9. O-O Na6 10. cxd5 exd5 11. a3 Qc8 12. Bxa6 bxa6 13. Rac1 Nh5 14. Nxd5 Qd7
15. Nxe7+ Qxe7 16. Bg5 Qe6 17. Qxe6 Bxe6 18. Rxc6 Bd5 19. Rc7 f6 20. Bh4 g5 21.
Bg3 Rfc8 22. Rfc1 Be6 23. R1c3 Ng7 24. R7c6 Rxc6 25. Rxc6 Rc8 26. Rxc8+ Bxc8 27.
Bb8 Kf7 28. Kf1 Ne8 29. Ke2 Bg4 30. h3 Bxf3+ 31. Kxf3 h5 32. b4 Ng7 33. Bxa7 Nf5
34. g3 Ke6 35. Ke4 Nd6+ 36. Kd3 Kd5 37. Bc5 Ne8 38. e4+ Kc6 39. Kc4 Nc7 40. Be7
Ne8 41. a4 Kd7 42. Bc5 {Black resigns} 1-0

[Event "Team 45 45 League T71"]
[Site "Internet Chess Club"]
[Date "2016.12.19"]
[Round "2"]
[White "Goli"]
[Black "evan7284"]
[Result "1-0"]
[WhiteElo "1753"]
[BlackElo "1688"]
[Opening "Petrov: Nimzovich attack"]
[ECO "C42"]
[Time "15:00:39"]
[TimeControl "2700+45"]

1. e4 e5 2. Nf3 Nf6 3. Nxe5 d6 4. Nf3 Nxe4 5. Nc3 Nxc3 6. dxc3 Be7 7. Bc4 O-O 8.
O-O Be6 9. Qe2 Bxc4 10. Qxc4 Nc6 11. Bf4 Bf6 12. Rad1 Qd7 13. h3 Qf5 14. Rd3
Rfe8 15. Be3 Re7 16. Qd5 Qg6 17. Qb5 Rb8 18. Rfd1 Ne5 19. Nxe5 Rxe5 20. Qc4 Rc8
21. Rxd6 Re4 22. Qxc7 Rce8 23. Qxb7 Rh4 24. Qf3 Kh8 25. Bd4 Qxc2 26. Bxf6 Rh6
27. Rd8 Qa4 28. Rxe8+ Qxe8 29. Rd8 Qg8 {Black resigns} 1-0

[Event "Team 45 45 League T71"]
[Site "Internet Chess Club"]
[Date "2016.12.19"]
[Round "2"]
[White "rayonline53"]
[Black "Egmont"]
[Result "0-1"]
[WhiteElo "1485"]
[BlackElo "1618"]
[Opening "French: advance, Paulsen attack"]
[ECO "C02"]
[Time "12:00:59"]
[TimeControl "2700+45"]

1. e4 e6 2. d4 d5 3. e5 c5 4. c3 Nc6 5. Nf3 Qb6 6. Be2 cxd4 7. cxd4 Bd7 8. O-O
Nge7 9. Nc3 Nf5 10. Bb5 a6 11. Bxc6 Bxc6 12. a3 Bb5 13. Nxb5 Qxb5 14. b4 Qc4 15.
Be3 Qb5 16. Qd2 Be7 17. Rfc1 O-O 18. Rc7 Rfc8 19. Rac1 Rxc7 20. Rxc7 Qb6 21. Qc2
Bf8 22. Ng5 f6 23. exf6 gxf6 24. Nf3 Re8 25. g4 Ng7 26. Bh6 Re7 27. Rc8 Ne8 28.
Bxf8 Kxf8 29. Qc1 Kg7 30. g5 f5 31. Qf4 Qd6 32. Ne5 a5 33. Qh4 axb4 34. axb4
Qxb4 35. Nd7 Qe1+ 36. Kg2 Qe4+ 37. Qxe4 dxe4 38. Ne5 Nd6 39. Rd8 Nb5 40. h4 Nc3
41. h5 h6 42. g6 Nd5 43. Nf7 Nf4+ 44. Kg3 Nxh5+ 45. Kh4 Nf4 46. Ne5 Nxg6+ 47.
Nxg6 Kxg6 48. Rg8+ Kf7 49. Rh8 Kg7 50. Rb8 Rd7 51. Kh5 f4 52. Kg4 e3 53. fxe3
fxe3 54. Kf3 Rxd4 55. Rxb7+ Kf6 56. Kxe3 Rg4 57. Rh7 Rg6 58. Rh8 Kg5 59. Rf8 h5
60. Re8 Kg4 61. Kf2 Kh3 62. Rh8 h4 63. Rh5 Kg4 64. Rh8 e5 65. Kg2 Rg5 66. Kh2 e4
67. Re8 Kf3 68. Rf8+ Ke2 69. Rh8 Rg4 70. Kh3 Rf4 71. Kg2 e3 72. Re8 Rf3 73. Rd8
Rg3+ 74. Kh2 Kf2 75. Ra8 e2 76. Ra2 Kf1 77. Rxe2 Kxe2 78. Kh1 Ra3 79. Kh2 Kf2
{White resigns} 0-1

[Event "Team 45 45 League T71"]
[Site "Internet Chess Club"]
[Date "2016.12.16"]
[Round "2"]
[White "julesraider"]
[Black "platolag"]
[Result "1-0"]
[WhiteElo "1639"]
[BlackElo "1647"]
[Opening "Nimzo-Indian: classical, 4...c5"]
[ECO "E38"]
[Time "20:05:31"]
[TimeControl "2700+45"]

1. d4 Nf6 2. c4 e6 3. Nc3 Bb4 4. Qc2 c5 5. dxc5 Nc6 6. Nf3 Qa5 7. Bd2 Qxc5 8. e3
O-O 9. a3 Bxc3 10. Bxc3 Qe7 11. b4 a6 12. Be2 d5 13. O-O dxc4 14. Bxc4 Rd8 15.
Ng5 h6 16. Nf3 Bd7 17. Rfd1 Be8 18. Qb2 b5 19. Bb3 Rxd1+ 20. Rxd1 Rd8 21. Nd4
Nxd4 22. Bxd4 Bc6 23. f3 Ne8 24. e4 Qh4 25. Qc3 Bb7 26. g3 Qh5 27. Kg2 Qg6 28.
Qc5 Rc8 29. Qb6 Ba8 30. Qxa6 Rd8 31. Qxb5 Nc7 32. Qb6 Rc8 33. Rc1 Bxe4 34. Rxc7
Bxf3+ 35. Kxf3 Qd3+ 36. Be3 Rxc7 37. Qxc7 Qxb3 38. Qc8+ Kh7 39. Qa8 Qd1+ 40. Kg2
g5 41. Qe4+ Kg7 42. Bd4+ f6 43. Qb7+ Kg6 44. Bf2 h5 45. Qe4+ Kf7 46. b5 g4 47.
Qh7+ Kf8 48. Bc5+ Ke8 49. Qe7# {Black checkmated} 1-0

[Event "Team 45 45 League T71"]
[Site "Internet Chess Club"]
[Date "2016.12.15"]
[Round "2"]
[White "Konstantinos"]
[Black "kausika"]
[Result "1-0"]
[WhiteElo "1657"]
[BlackElo "1378"]
[Opening "Grünfeld: 5.e3"]
[ECO "D94"]
[Time "13:00:13"]
[TimeControl "2700+45"]

1. d4 Nf6 2. c4 g6 3. Nc3 d5 4. Nf3 Bg7 5. e3 O-O 6. cxd5 Nxd5 7. Be2 c5 8. Nxd5
Qxd5 9. dxc5 Qxc5 10. O-O Nc6 11. a3 Bf5 12. b4 Qc2 13. Qxc2 Bxc2 14. Ra2 Ba4
15. Bb2 Rfd8 16. Bxg7 Kxg7 17. Rd2 a6 18. Rc1 Rxd2 19. Nxd2 Rd8 20. Ne4 Ne5 21.
Nc5 Bc6 22. Rc2 h5 23. f3 Kf6 24. Kf2 e6 25. h3 Ke7 26. f4 Nd7 27. Nxd7 Kxd7 28.
Rd2+ Kc7 29. Rc2 Kb6 30. g3 Be4 31. Rb2 Rd6 32. a4 Kc7 33. Bf3 Bxf3 34. Kxf3 b5
35. a5 f5 36. g4 hxg4+ 37. hxg4 Kd7 38. gxf5 gxf5 39. Rh2 Kc6 40. Rh7 Kd5 41.
Rb7 Rc6 42. Rb8 Kc4 43. Rb6 Kd5 44. Rxc6 Kxc6 45. e4 Kd6 46. Ke3 Kc6 47. Kd3 Kd6
48. exf5 e5 49. Ke4 exf4 50. Kxf4 Ke7 51. Ke5 Kf7 52. Kd6 Kf6 53. Kc6 Kxf5 54.
Kb6 Ke6 55. Kxa6 {Black resigns} 1-0

[Event "Team 45 45 League T71"]
[Site "Internet Chess Club"]
[Date "2016.12.15"]
[Round "2"]
[White "rubo"]
[Black "Insan996"]
[Result "1-0"]
[WhiteElo "1652"]
[BlackElo "1554"]
[Opening "Bird's opening"]
[ECO "A02"]
[Time "23:07:22"]
[TimeControl "2700+45"]

1. f4 d6 2. Nf3 Nc6 3. e3 e5 4. fxe5 dxe5 5. Bb5 Bd7 6. O-O Bd6 7. d3 Nf6 8. Nc3
O-O 9. Ng5 a6 10. Bxc6 Bxc6 11. Nce4 Nxe4 12. Nxe4 Bxe4 13. dxe4 Qh4 14. Qf3
Rad8 15. Bd2 Bc5 16. Bc3 Qg5 17. Rae1 f6 18. Qh3 Qg6 19. Qf5 b5 20. b3 Qf7 21.
Rf3 Qd7 22. Kf2 b4 23. Bb2 Qd2+ 24. Re2 Qd1 25. Qe6+ Kh8 26. Qxa6 Rd2 27. Qc4
Rfd8 28. Rxd2 Rxd2+ 29. Kg3 Qe1+ 30. Kh3 Qg1 31. Rg3 Bxe3 32. Qxc7 h6 33. Qxg7#
{Black checkmated} 1-0

[Event "Team 45 45 League T71"]
[Site "Internet Chess Club"]
[Date "2016.12.20"]
[Round "2"]
[White "Gilguli"]
[Black "nosir"]
[Result "0-1"]
[WhiteElo "1374"]
[BlackElo "1535"]
[Opening "Sicilian defense"]
[ECO "B20"]
[Time "16:03:24"]
[TimeControl "2700+45"]

1. e4 c5 2. a3 d6 3. b4 Nf6 4. Nc3 a6 5. Nf3 Nc6 6. b5 axb5 7. Nxb5 Nxe4 8. Bd3
Nf6 9. O-O Bd7 10. Bb2 e6 11. Re1 Be7 12. c4 O-O 13. Qc2 h6 14. Re2 d5 15. cxd5
exd5 16. Ree1 Na5 17. a4 c4 18. Bf5 Nb3 19. Rad1 Re8 20. Re2 Bxf5 21. Qxf5 Bc5
22. Rxe8+ Nxe8 23. Ne5 Qf6 24. Qxf6 Nxf6 25. d4 Bb6 26. Nd6 Bc7 27. Nexf7 Bxd6
28. Nxd6 b6 29. Re1 Rxa4 30. Re7 Ra2 31. Bc3 Rc2 32. Nb5 Ne4 33. h3 Nxc3 34. Nd6
Nxd4 35. Rb7 b5 36. Rb8+ Kh7 37. Nf7 Re2 38. h4 Kg6 39. Rf8 Ne6 40. h5+ Kxh5 41.
Re8 Ng5 42. g4+ Kh4 43. Rf8 {White resigns} 0-1

[Event "Team 45 45 League T71"]
[Site "Internet Chess Club"]
[Date "2016.12.20"]
[Round "2"]
[White "g8wrb"]
[Black "bardu"]
[Result "0-1"]
[WhiteElo "1267"]
[BlackElo "1437"]
[Opening "Ruy Lopez: Wormald (Alapin) attack"]
[ECO "C77"]
[Time "15:00:17"]
[TimeControl "2700+45"]

1. e4 e5 2. Nf3 Nc6 3. Bb5 a6 4. Ba4 Nf6 5. Qe2 b5 6. Bb3 Be7 7. c3 O-O 8. O-O
d5 9. exd5 Nxd5 10. Nxe5 Nxe5 11. Qxe5 Bb7 12. d4 Re8 13. Qf5 Qd6 14. Bxd5 Bxd5
15. Bf4 Qc6 16. Qg4 Bd6 17. Bxd6 Qxd6 18. Nd2 Re6 19. g3 Rg6 20. Qe2 Re6 21. Qd3
Rae8 22. b3 Re2 23. Nf3 Qf6 24. Ne5 Rb2 25. Rfb1 Qxf2# {White checkmated} 0-1